 Dungeon Crawl Stone Soup version 0.19.0-19-g8c6edcc (webtiles) character file.

30428 Naow the Severer (level 13, -3/119 HPs)
             Began as a Minotaur Berserker on Nov 15, 2016.
             Was a High Priest of Trog.
             Slain by a hill giant
             ... wielding a +0 giant club
              (14 damage)
             ... on level 13 of the Dungeon.
             The game lasted 00:33:04 (13610 turns).

Naow the Severer (Minotaur Berserker)              Turns: 13610, Time: 00:33:05

Health: -3/119     AC: 14    Str: 23    XL:     13   Next: 20%
Magic:  4/4        EV: 19    Int:  6    God:    Trog [*****.]
Gold:   779        SH:  0    Dex: 15    Spells: 0 memorised, 12 levels left

rFire  . . .     SeeInvis .     L - +3 executioner's axe (antimagic)
rCold  . . .     Gourm    +     R - +0 mottled dragon scales
rNeg   . . .     Faith    .     (shield currently unavailable)
rPois  .         Spirit   .     o - +2 hat
rElec  .         Reflect  .     (no cloak)
rCorr  .         Harm     .     m - +2 pair of gloves
MR     +++..                    (no boots)
Stlth  +.........               l - amulet of the gourmand
                                x - ring of protection from magic
                                f - +3 ring of dexterity

@: exhausted, regenerating
A: retaliatory headbutt, horns 2
a: Berserk, Trog's Hand, Brothers in Arms, Burn Spellbooks, Renounce Religion


You were on level 13 of the Dungeon.
You worshipped Trog.
Trog was extremely pleased with you.
You were full.

You visited 1 branch of the dungeon, and saw 13 of its levels.
You also visited: Sewer.

You collected 779 gold pieces.

Inventory:

Hand Weapons
 y - a +0 hand axe of flaming
 L - a +3 antimagic executioner's axe (weapon)
 U - a +2 great mace of protection
 V - a +2 executioner's axe of venom
Armour
 m - a +2 pair of gloves (worn)
 o - a +2 hat (worn)
 B - a +0 ring mail
 C - the +1 leather armour "Geoj" {Int+6 Stlth-}
   (You found it on level 12 of the Dungeon)

   It affects your intelligence (+6).
   It makes you less stealthy.
 R - +0 mottled dragon scales (worn)
 T - the +2 shield of Resistance {rF+ rC+ MR+}
   (You found it on level 12 of the Dungeon)

   It protects you from fire.
   It protects you from cold.
   It affects your resistance to hostile enchantments.
 W - a +2 chain mail of poison resistance
Jewellery
 b - a cursed -2 ring of dexterity
 f - a +3 ring of dexterity (left hand)
 l - an amulet of the gourmand (around neck)
 x - a ring of protection from magic (right hand)
 P - an uncursed amulet of guardian spirit
 Y - a +3 ring of intelligence {unknown}
Wands
 A - a wand of slowing (30/48)
 E - a wand of heal wounds (3/9)
 M - a wand of disintegration (12/24)
 N - a wand of acid (9/15)
 O - a wand of paralysis (5/24)
 Q - a wand of acid (5/15)
 S - a wand of lightning (4/15)
Scrolls
 g - 5 scrolls of enchant armour
 h - 3 scrolls of magic mapping
 i - 2 scrolls of remove curse
 k - 8 scrolls of teleportation
 p - 9 scrolls of identify
 q - a scroll of recharging
 r - 3 scrolls of random uselessness
 D - 4 scrolls of fear
 F - a scroll of fog {unknown}
 G - 3 scrolls of enchant weapon
Potions
 a - 4 potions of haste {unknown}
 d - 9 potions of curing
 e - 3 potions of lignification
 j - a potion of might {unknown}
 n - 8 potions of flight
 s - 6 potions of degeneration
 v - 3 potions of brilliance
 w - 5 potions of agility
 z - 2 potions of mutation
 H - 2 potions of cure mutation {unknown}
 I - a potion of invisibility {unknown}
Books
 K - a book of Beasts

   Spells                             Type                      Level
   a - Summon Butterflies             Summoning                    1
   b - Call Canine Familiar           Summoning                    3
   c - Summon Ice Beast               Ice/Summoning                4
   d - Summon Mana Viper              Hexes/Summoning              5
   e - Summon Hydra                   Summoning                    7
   Trog disapproves of the use of such an item.
 X - a book of Battle

   Spells                             Type                      Level
   a - Infusion                       Charms                       1
   b - Shroud of Golubria             Charms/Translocation         2
   c - Song of Slaying                Charms                       2
   d - Spectral Weapon                Hexes/Charms                 3
   e - Regeneration                   Charms/Necromancy            3
   Trog disapproves of the use of such an item.
Comestibles
 c - 10 bread rations
 t - 9 meat rations
 u - 5 beef jerkies
 J - 12 slices of pizza


   Skills:
 + Level 12.5 Fighting
 * Level 16.6 Axes
 + Level 11.8 Armour
 + Level 11.3 Dodging


You had 12 spell levels left.
You didn't know any spells.

Dungeon Overview and Level Annotations

Branches:
Dungeon (13/15)            Temple (0/1) D:5            Lair (0/6) D:11
    Orc (0/2) D:12
 Vaults: D:13-14

Altars:
Ashenzari
Elyvilon
Okawaru
Qazlal
Ru
Uskayaw
Vehumet

Shops:
D:5 :   D:6 ?   D:11 (   D:13 }


Innate Abilities, Weirdness & Mutations

You reflexively headbutt those who attack you in melee.
You have a pair of horns on your head.


Message History

Unknown command.
You slice the cyclops!!
You headbutt the cyclops, but do no damage.
The cyclops is almost dead.
You hit the hill giant. The hill giant barely misses you. The cyclops hits you.
Unknown command.
You hit the cyclops but do no damage. Your headbutt misses the cyclops.
The cyclops is almost dead.
You slice the hill giant!!
The hill giant hits you with a giant club!!
* * * LOW HITPOINT WARNING * * *
The cyclops hits you!
* * * LOW HITPOINT WARNING * * *
The hill giant closely misses you.
You are too injured to fight recklessly!
You feel better.
You feel yourself speed up. The cyclops misses you.
The hill giant hits you with a giant club!
You die...

#.# #.......# #....# #.#
#.#####.# #....# #.# #.# +.#
#....# #.# #.# #C######....#
#######.#####.# #...........#
..............# #...........#
..............# #...........#
<.............#####...........#
...............C@C((....>.....#
............######...######...#
............# #...# #...#
###...#####.# #...# #...###
#...# #.# #...# #...... #...#
#.######...# #...... #...#
#..........# #[..... #...#
#..........# #...... #...#
#..........# #......


You could see a hill giant and a cyclops.

Vanquished Creatures
  Rupert (D:13)
  Gastronok (D:8)
  Snorg (D:13)
  2 hydras
  3 centaur warriors (D:12)
  3 unseen horrors
  5 hill giants
  Pikel (D:8)
  4 manticores
  An ugly thing (D:13)
  A cyclops (D:11)
  Joseph (D:8)
  2 gargoyles (D:12)
  A meliai (D:12)
  4 trolls
  A hornet (D:9)
  A two-headed ogre (D:11)
  4 slime creatures (D:12)
  6 hippogriffs
  Sigmund (D:4)
  A wyvern (D:11)
  A wraith (D:12)
  A yak (D:8)
  A shadow (D:13)
  3 hogs (D:8)
  A basilisk (D:13)
  A human (D:8)
  The ghost of dracos369 the Spear-Bearer, an amateur MfCK of Xom (D:4)
  3 vampire mosquitoes
  A mottled dragon (D:12)
  2 hell hounds (D:11)
  Duvessa (D:4)
  2 water moccasins
  8 orc warriors
  A hornet zombie (D:8)
  6 ice beasts
  A slave (D:8)
  4 sky beasts
  8 ogres
  A swamp drake (D:12)
  A necrophage (D:9)
  An eye of draining (D:12)
  2 phantoms
  15 centaurs
  4 big kobolds
  9 bullfrogs
  Blork the orc (D:4)
  2 gnoll sergeants
  Dowan (D:4)
  A scorpion (D:7)
  A wyvern skeleton (D:13)
  15 killer bees
  10 wights
  2 centaur zombies
  7 crimson imps
  A howler monkey (D:12)
  4 jellies
  3 quasits
  5 hounds
  4 centaur skeletons
  7 orc priests
  13 orc wizards
  2 bullfrog skeletons
  2 iguanas
  11 worker ants
  A killer bee zombie (D:5)
  A hound skeleton (D:10)
  2 worker ant zombies
  Robin (D:4)
  8 gnolls
  2 howler monkey skeletons
  11 adders
  7 shadow imps
  5 oozes
  An adder skeleton (D:7)
  2 adder zombies (D:5)
  6 worms
  3 dart slugs
  6 leopard geckos
  47 orcs
  16 bats
  7 giant cockroaches
  21 goblins
  11 hobgoblins
  6 jackals
  4 quokkas
  4 ball pythons
  3 frilled lizards
  A giant cockroach zombie (D:5)
  A jackal skeleton (D:8)
  24 kobolds
  15 rats
432 creatures vanquished.

Vanquished Creatures (others)
  A slave (D:8)
  A wight (D:8)
  An orc (D:8)
3 creatures vanquished.

Grand Total: 435 creatures vanquished

Notes
Turn   | Place    | Note
-------+----------+-------------------------------------------
     0 | D:1      | Naow the Minotaur Berserker began the quest for the Orb.
     0 | D:1      | Reached XP level 1. HP: 19/19 MP: 0/0
    77 | D:1      | Reached XP level 2. HP: 26/27 MP: 1/1
   206 | D:1      | Reached skill level 4 in Axes
   649 | D:2      | Found a shattered altar of Ashenzari.
   679 | D:2      | Reached XP level 3. HP: 33/33 MP: 2/2
   888 | D:2      | Reached ** piety under Trog
  1652 | D:3      | Reached XP level 4. HP: 40/40 MP: 3/3
  2409 | D:4      | Noticed Duvessa
  2410 | D:4      | Noticed Dowan
  2415 | D:4      | Reached skill level 5 in Axes
  2419 | D:4      | Killed Duvessa
  2419 | D:4      | Reached XP level 5. HP: 47/47 MP: 4/4
  2422 | D:4      | Killed Dowan
  2422 | D:4      | Reached *** piety under Trog
  2422 | D:4      | Reached XP level 6. HP: 55/55 MP: 5/5
  2477 | D:4      | Reached skill level 5 in Fighting
  2530 | D:4      | Found a glowing drain.
  2544 | Sewer    | Entered a sewer
  2690 | Sewer    | Reached skill level 6 in Axes
  3267 | D:4      | Found a radiant altar of Vehumet.
  3338 | D:4      | Noticed Sigmund
  3347 | D:4      | Killed Sigmund
  3347 | D:4      | Reached XP level 7. HP: 57/61 MP: 6/6
  3395 | D:4      | Reached skill level 7 in Axes
  3400 | D:4      | Reached **** piety under Trog
  3546 | D:4      | Noticed Robin
  3556 | D:4      | Killed Robin
  3600 | D:4      | Noticed Blork the orc
  3609 | D:4      | Killed Blork the orc
  3655 | D:4      | Reached skill level 5 in Armour
  3655 | D:4      | Reached skill level 5 in Dodging
  3866 | D:4      | Reached skill level 8 in Axes
  3866 | D:4      | Reached XP level 8. HP: 32/70 MP: 7/7
  4087 | D:4      | Noticed dracos369's ghost (amateur MfCK)
  4096 | D:4      | Killed dracos369's ghost
  4302 | D:5      | Entered Level 5 of the Dungeon
  4342 | D:5      | Found a hide-covered altar of Uskayaw.
  4345 | D:5      | Noticed a hand axe
  4346 | D:5      | Noticed a hand axe
  4453 | D:5      | Found Ivi Gimp's Book Boutique.
  4647 | D:5      | Found an iron altar of Okawaru.
  4658 | D:5      | Found a staircase to the Ecumenical Temple.
  4843 | D:5      | Found a stormy altar of Qazlal.
  4851 | D:5      | Reached skill level 9 in Axes
  4925 | D:5      | Found a sacrificial altar of Ru.
  5040 | D:6      | Reached ***** piety under Trog
  5123 | D:6      | Reached XP level 9. HP: 54/79 MP: 8/8
  5294 | D:6      | Reached skill level 10 in Axes
  5410 | D:6      | Found Vissufid's Magic Scroll Boutique.
  6074 | D:7      | Reached skill level 11 in Axes
  6435 | D:8      | Noticed Pikel
  6450 | D:8      | Killed Pikel
  6524 | D:8      | Reached XP level 10. HP: 76/90 MP: 9/9
  6713 | D:8      | Noticed Joseph
  6726 | D:8      | Killed Joseph
  6934 | D:8      | Noticed Gastronok
  6949 | D:8      | Killed Gastronok
  6949 | D:8      | Reached skill level 12 in Axes
  7502 | D:9      | Received a gift from Trog
  7551 | D:9      | Reached skill level 13 in Axes
  8090 | D:9      | Reached XP level 11. HP: 94/99 MP: 3/10
  8177 | D:9      | Noticed a hill giant
  8183 | D:9      | Killed a hill giant
  8270 | D:9      | Reached skill level 10 in Fighting
  8480 | D:10     | Entered Level 10 of the Dungeon
  9118 | D:11     | Found a staircase to the Lair.
  9126 | D:11     | Found Ejyowy's Antique Weapon Shoppe.
  9427 | D:11     | Noticed a hill giant
  9436 | D:11     | Killed a hill giant
  9660 | D:11     | Reached skill level 14 in Axes
  9834 | D:11     | Found a white marble altar of Elyvilon.
  9949 | D:11     | Noticed a hill giant
  9958 | D:11     | Killed a hill giant
  9958 | D:11     | Reached skill level 10 in Armour
 10173 | D:11     | Reached skill level 10 in Dodging
 10328 | D:11     | Noticed a six-headed hydra
 10340 | D:11     | Killed a one-headed hydra
 10624 | D:12     | Reached XP level 12. HP: 98/110 MP: 3/11
 10627 | D:12     | Reached ****** piety under Trog
 10640 | D:12     | Received a gift from Trog
 11122 | D:12     | Reached skill level 15 in Axes
 11201 | D:12     | Noticed a centaur warrior
 11211 | D:12     | HP: 5/165 [vampire mosquito (10)]
 11211 | D:12     | HP: 2/165 [centaur warrior (3)]
 11213 | D:12     | Killed a centaur warrior
 11460 | D:12     | Noticed a centaur warrior
 11470 | D:12     | Killed a centaur warrior
 11803 | D:12     | Got an ichor-stained leather armour
 11814 | D:12     | Identified the +1 leather armour "Geoj" {Int+6 Stlth-} (You found it on level 12 of the Dungeon)
 11941 | D:12     | Noticed a centaur warrior
 11952 | D:12     | Killed a centaur warrior
 12435 | D:12     | Received a gift from Trog
 12587 | D:12     | Found a staircase to the Orcish Mines.
 12678 | D:13     | Noticed Rupert
 12706 | D:13     | Reached skill level 16 in Axes
 12715 | D:13     | Killed Rupert
 12829 | D:13     | Reached XP level 13. HP: 118/118 MP: 4/12
 13013 | D:13     | Found Ashit's Gadget Shop.
 13380 | D:13     | Noticed Snorg
 13387 | D:13     | Killed Snorg
 13609 | D:13     | HP: 1/119 [cyclops (11)]
 13610 | D:13     | Slain by a hill giant

Skill      XL: |  1  2  3  4  5  6  7  8  9 10 11 12 |
---------------+-------------------------------------+-----
Axes           | 4 5 6 8 9 11 13 14 16 | 16.6
Fighting       | 4 5 6 7 8 9 11 12 | 12.5
Dodging        | 3 4 5 6 7 8 10 11 | 11.3
Armour         | 3 4 5 6 7 9 10 11 | 11.8

Action                   |  1- 3 |  4- 6 |  7- 9 | 10-12 | 13-15 || total
-------------------------+-------+-------+-------+-------+-------++-------
Melee: Hand axe          |   101 |   119 |   343 |    97 |     5 ||   665
       Headbutt          |    14 |    29 |    73 |   114 |    18 ||   248
       Executioner's axe |       |       |       |   343 |    42 ||   385
Invok: Berserk           |       |     1 |     7 |    10 |     3 ||    21
       Trog's Hand       |       |       |     1 |     5 |     2 ||     8
       Brothers in Arms  |       |       |       |       |     1 ||     1
  Use: Scroll            |       |     8 |     3 |     5 |       ||    16
       Potion            |       |       |       |     1 |     1 ||     2
 Stab: Sleeping          |     1 |       |       |       |       ||     1
       Distracted        |       |     1 |       |       |       ||     1
  Eat: Chunk             |    17 |     8 |    17 |    32 |     3 ||    77
Armor: Animal skin       |    46 |    36 |       |       |       ||    82
       Ring mail         |       |    10 |   103 |   126 |       ||   239
       Mottled dragon sc |       |       |       |    40 |    34 ||    74
Dodge: Dodged            |    80 |    94 |   188 |   480 |    52 ||   894
